 Dungeon Crawl Stone Soup version 0.29.0-4-gdea44cf6ec (webtiles) character file.

Game seed: 951473591108616164

819 qw the Cleaver (level 7, -10/61 HPs)
             Began as a Minotaur Fighter on Sept 4, 2022.
             Mangled by a troll (12 damage)
             ... on level 8 of the Dungeon.
             The game lasted 00:01:54 (4931 turns).

qw the Cleaver (Minotaur Fighter)                   Turns: 4931, Time: 00:01:54

Health: -10/61     AC: 10    Str: 22    XL:     7   Next: 63%
Magic:  6/6        EV:  6    Int:  5    God:
Gold:   195        SH:  4    Dex: 10    Spells: 6/6 levels left

rFire   . . .      SeeInvis .   Y - +1 war axe (flame)
rCold   . . .      Faith    .   c - +0 buckler
rNeg    . . .      Spirit   .   f - +0 plate armour
rPois   .          Reflect  .   (helmet restricted)
rElec   .          Harm     .   (no cloak)
rCorr   .          Rampage  .   (no gloves)
Will    .....                   a - +1 pair of boots
Stlth   ..........              (no amulet)
HPRegen 0.20/turn               (no ring)
MPRegen 0.10/turn               (no ring)

@: corroded
A: horns 2, retaliatory headbutt
a: no special abilities


You were on level 8 of the Dungeon.
You visited 1 branch of the dungeon, and saw 7 of its levels.

You collected 283 gold pieces.
You spent 88 gold pieces at shops.


Innate Abilities, Weirdness & Mutations

You have a pair of horns on your head.
You reflexively headbutt those who attack you in melee.


   Skills:
 - Level 5.4 Fighting
 + Level 9.1 Axes
 - Level 4.8 Armour
 - Level 1.0 Dodging
 - Level 3.6 Shields


You had 6 spell levels left.
You didn't know any spells.
Your spell library was empty.

Inventory:

Hand Weapons
 Y - a +1 war axe of flaming (weapon)
Armour
 a - a +1 pair of boots (worn)
 c - a +0 buckler (worn)
 f - a +0 plate armour (worn)
Scrolls
 b - a scroll of identify
Potions
 d - 2 potions of might
 h - a potion of cancellation {unknown}
 k - a potion of haste {unknown}
 m - a potion of lignification {unknown}
 n - a potion of invisibility {unknown}
 q - a potion of mutation {unknown}

Dungeon Overview and Level Annotations

Branches:
Dungeon (6/15)
 Temple: D:4-7

Altars:
Ashenzari
Uskayaw
Wu Jian

Shops:
D:3 !

Annotations:
D:3 1 runed translucent door, Crazy Yiuf
D:8 Pikel


Message History

You block the acid dragon's attack.
The acid dragon claws you but does no damage.
You slash the acid dragon! You burn the acid dragon.
The acid dragon is almost dead.
The acid dragon spits acid at you. The splash of acid hits you.
The acid corrodes you!
You hear a shout! x4
You hit the acid dragon but do no damage.
The acid dragon is almost dead.
The acid dragon bites you.
The acid dragon claws you but does no damage.
You hit the acid dragon but do no damage.
You headbutt the acid dragon.
The acid dragon is almost dead.
The acid dragon bites you but does no damage.
The acid dragon barely misses you.
You barely miss the acid dragon. Your headbutt misses the acid dragon.
The acid dragon is almost dead.
The acid dragon bites you. You block the acid dragon's attack.
Pikel, Merchant of Souls comes into view.
He is wielding a +0 whip of flaming and carrying a wand of polymorph (14).
You slash the acid dragon! You burn the acid dragon.
You kill the acid dragon!
The acid dragon scales are intact enough to wear.
A troll comes into view.
Pikel zaps a wand.
You resist with some effort.
Your Armour skill increases to level 4!
4927 ||| Stepping ~*~*~tactically~*~*~ (hiding).
4928 ||| Stepping ~*~*~tactically~*~*~ (hiding).
You hit the troll. You burn the troll.
The troll is lightly wounded.
The troll bites you. You block the troll's attack. The troll claws you!
The troll bites you. The troll barely misses you. The troll claws you!
You hit the troll but do no damage.
The troll is lightly wounded.
The troll bites you. The troll claws you. x2
You slash the troll! You burn the troll. You headbutt the troll.
The troll is severely wounded.
You slash Pikel! You burn Pikel.
Pikel zaps a wand.
You resist with some effort. The troll bites you!
You die...

#### ...# ##.# #.#
# #.#
#.###########...#
#.#
#.#.......[.K....
#.#
#.#.####K####...#
#.# #.#.# #@# #
#.# #.#.# #T# #.#
#.#.# #.#
#.######.#.####.#
#......#..........
######.....####.##
####### #.# #..


You could see Pikel and a troll.

Vanquished Creatures
  An acid dragon (D:8)
  An orc warrior (D:5)
  A phantom (D:5)
  A necrophage (D:4)
  A scorpion (D:4)
  A howler monkey (D:4)
  A hound (D:4)
  An orc priest (D:5)
  An iguana (D:5)
  2 orc wizards
  7 adders
  7 gnolls
  A white imp (D:5)
  An ufetubus (D:5)
  3 worms
  2 dart slugs
  6 orcs
  5 ball pythons
  8 bats
  4 endoplasms
  3 giant cockroaches
  5 goblins
  8 hobgoblins
  6 jackals
  5 quokkas
  5 frilled lizards
  6 kobolds
  6 rats
99 creatures vanquished.

Notes
Turn   | Place    | Note
-------+----------+-------------------------------------------
     0 | D:1      | qw the Minotaur Fighter began the quest for the Orb.
     0 | D:1      | Reached XP level 1. HP: 19/19 MP: 0/0
     0 | D:1      | 0 ||| qw: Version: 0.1-a-103-gd6f5d3a
     0 | D:1      | 0 ||| qw: Game counter: 5740
     0 | D:1      | 0 ||| qw: Always use a shield: true
     0 | D:1      | 0 ||| qw: God list: Ru
     0 | D:1      | 0 ||| qw: Allow faded altars: false
     0 | D:1      | 0 ||| qw: Do Orc after D:15 true
     0 | D:1      | 0 ||| qw: Do second Lair branch before Depths: true
     0 | D:1      | 0 ||| qw: Lair rune preference: random
     0 | D:1      | 0 ||| qw: Plans: Normal
     0 | D:1      | 0 ||| PLANNING D:1-11
    36 | D:1      | Found a faded altar of an unknown god.
    39 | D:1      | Reached skill level 3 in Axes
    39 | D:1      | Reached XP level 2. HP: 26/26 MP: 1/1
   142 | D:1      | 142 ||| Stepping ~*~*~tactically~*~*~ (stealth).
   214 | D:1      | 214 ||| Stepping ~*~*~tactically~*~*~ (stealth).
   220 | D:1      | Reached skill level 4 in Axes
   368 | D:1      | 368 ||| Stepping ~*~*~tactically~*~*~ (stealth).
   382 | D:1      | Reached XP level 3. HP: 26/31 MP: 2/2
   716 | D:1      | 716 ||| DROPPING ring of flight.
   717 | D:1      | 717 ||| READING scroll labelled ZAPLOXA MEGGUEN.
   718 | D:1      | 718 ||| READING scroll labelled QES PEDUKKIMUD.
   719 | D:1      | 719 ||| READING scroll labelled WUVA DIPOREE.
   720 | D:1      | 720 ||| READING scroll labelled XISAWK SASO.
   912 | D:2      | 912 ||| Stepping ~*~*~tactically~*~*~ (hiding).
   913 | D:2      | 913 ||| Stepping ~*~*~tactically~*~*~ (hiding).
  1430 | D:2      | Reached skill level 5 in Axes
  1533 | D:2      | Reached XP level 4. HP: 39/39 MP: 3/3
  1548 | D:2      | 1548 ||| UPGRADING to +0 chain mail.
  1558 | D:2      | 1558 ||| DROPPING +0 scale mail.
  1559 | D:2      | 1559 ||| READING scroll labelled IPTEHUCV XUTUC.
  1560 | D:2      | 1560 ||| READING scroll labelled CIEBEO ROMN.
  1561 | D:2      | 1561 ||| DRINKING 2 viscous amethyst potions.
  1624 | D:3      | Found an ornate altar of the Wu Jian Council.
  1626 | D:3      | 1626 ||| Stepping randomly (stuck).
  1627 | D:3      | 1627 ||| Stepping randomly (stuck).
  1628 | D:3      | 1628 ||| Stepping randomly (stuck).
  1630 | D:3      | 1630 ||| Stepping randomly (stuck).
  1664 | D:3      | 1664 ||| Stepping ~*~*~tactically~*~*~ (stealth).
  1665 | D:3      | 1665 ||| Stepping ~*~*~tactically~*~*~ (stealth).
  1666 | D:3      | 1666 ||| Stepping ~*~*~tactically~*~*~ (stealth).
  1668 | D:3      | 1668 ||| Stepping ~*~*~tactically~*~*~ (stealth).
  1779 | D:3      | Reached skill level 1 in Dodging
  1967 | D:3      | Found a runed translucent door.
  1968 | D:3      | Noticed Crazy Yiuf
  2059 | D:3      | Found a hide-covered altar of Uskayaw.
  2086 | D:3      | Found a broken altar of Ashenzari.
  2171 | D:3      | 2171 ||| DRINKING potion of curing.
  2171 | D:3      | 2171 ||| (to cure confusion)
  2256 | D:3      | 2256 ||| DROPPING +0 whip.
  2447 | D:3      | Reached skill level 6 in Axes
  2724 | D:3      | Found Voxosyaw's Distillery.
  2729 | D:3      | 2729 ||| BUYING potion of curing (33 gold).
  2729 | D:3      | Bought a potion of curing for 33 gold pieces
  2729 | D:3      | 2729 ||| BUYING potion of heal wounds (55 gold).
  2729 | D:3      | Bought a potion of heal wounds for 55 gold pieces
  2729 | D:3      | 2729 ||| SHOPLISTING potion of heal wounds (55 gold, have
                  | 35).
  2729 | D:3      | 2729 ||| SHOPLISTING potion of might (44 gold, have 35).
  2729 | D:3      | 2729 ||| SHOPLISTING potion of resistance (110 gold, have
                  | 35).
  2863 | D:3      | 2863 ||| READING scroll labelled ENAFEFONYU.
  2864 | D:3      | 2864 ||| DROPPING +2 flail of protection.
  2865 | D:3      | 2865 ||| READING scroll labelled HEUTIME CIVY.
  2866 | D:3      | 2866 ||| DRINKING 2 bubbling green potions.
  2867 | D:3      | 2867 ||| DROPPING potion of flight.
  2906 | D:4      | 2906 ||| STAIRDANCE
  3007 | D:4      | Reached XP level 5. HP: 43/45 MP: 4/4
  3045 | D:4      | Reached skill level 7 in Axes
  3055 | D:4      | Reached XP level 6. HP: 40/53 MP: 5/5
  3057 | D:4      | 3057 ||| FLEEEEING.
  3058 | D:4      | 3058 ||| FLEEEEING.
  3059 | D:4      | 3059 ||| FLEEEEING.
  3060 | D:4      | 3060 ||| FLEEEEING.
  3062 | D:4      | 3062 ||| FLEEEEING.
  3063 | D:4      | 3063 ||| FLEEEEING.
  3064 | D:4      | 3064 ||| FLEEEEING.
  3067 | D:4      | 3067 ||| FLEEEEING.
  3068 | D:4      | 3068 ||| STAIRDANCE
  3259 | D:4      | 3259 ||| Stepping ~*~*~tactically~*~*~ (stealth).
  3363 | D:4      | 3363 ||| Stepping ~*~*~tactically~*~*~ (stealth).
  3367 | D:4      | 3367 ||| Stepping ~*~*~tactically~*~*~ (stealth).
  3372 | D:4      | 3372 ||| Stepping ~*~*~tactically~*~*~ (stealth).
  3406 | D:4      | 3406 ||| Stepping ~*~*~tactically~*~*~ (stealth).
  3564 | D:4      | 3564 ||| Stepping ~*~*~tactically~*~*~ (stealth).
  3688 | D:4      | 3688 ||| UPGRADING to +0 pair of boots.
  3693 | D:4      | 3693 ||| READING scroll of enchant armour.
  3693 | D:4      | 3693 ||| ENCHANTING +0 pair of boots.
  3694 | D:4      | 3694 ||| READING scroll labelled TYEFIA AKKU.
  3695 | D:4      | 3695 ||| DRINKING 3 grey potions.
  3696 | D:4      | 3696 ||| READING 2 scrolls of identify.
  3696 | D:4      | 3696 ||| IDENTIFYING green potion
  3697 | D:4      | 3697 ||| DROPPING potion of berserk rage.
  3698 | D:4      | 3698 ||| DROPPING 2 potions of brilliance.
  3706 | D:5      | Entered Level 5 of the Dungeon
  3763 | D:5      | Reached skill level 8 in Axes
  3774 | D:5      | 3774 ||| Stepping ~*~*~tactically~*~*~ (hiding).
  3775 | D:5      | 3775 ||| Stepping ~*~*~tactically~*~*~ (hiding).
  3907 | D:5      | 3907 ||| Stepping ~*~*~tactically~*~*~ (hiding).
  3908 | D:5      | 3908 ||| Stepping ~*~*~tactically~*~*~ (hiding).
  3909 | D:5      | 3909 ||| Stepping ~*~*~tactically~*~*~ (hiding).
  4190 | D:5      | Reached XP level 7. HP: 59/60 MP: 6/6
  4451 | D:5      | 4451 ||| Stepping ~*~*~tactically~*~*~ (hiding).
  4532 | D:5      | HP: 9/60 [orc warrior/+0 dire flail (17)]
  4533 | D:5      | 4533 ||| DRINKING 2 potions of heal wounds.
  4534 | D:5      | 4534 ||| DRINKING potion of curing.
  4534 | D:5      | 4534 ||| (to cure confusion)
  4536 | D:5      | 4536 ||| DRINKING potion of heal wounds.
  4539 | D:5      | Reached skill level 9 in Axes
  4852 | D:5      | 4852 ||| UPGRADING to +0 plate armour.
  4862 | D:5      | 4862 ||| DROPPING +0 chain mail.
  4863 | D:5      | 4863 ||| READING scroll labelled EVOEHIM BOLE.
  4866 | D:5      | 4866 ||| READING 2 scrolls of identify.
  4866 | D:5      | 4866 ||| IDENTIFYING emerald potion
  4867 | D:5      | 4867 ||| DROPPING potion of ambrosia.
  4876 | D:6      | You fall into a shaft and drop 2 floors!
  4877 | D:8      | 4877 ||| PLANNING SEWER
  4925 | D:8      | Noticed Pikel
  4926 | D:8      | Noticed a troll
  4927 | D:8      | 4927 ||| Stepping ~*~*~tactically~*~*~ (hiding).
  4928 | D:8      | 4928 ||| Stepping ~*~*~tactically~*~*~ (hiding).
  4929 | D:8      | HP: 8/61 [troll (9)]
  4930 | D:8      | HP: 2/61 [troll (2)]
  4931 | D:8      | Mangled by a troll

Levels and vault maps discovered:
D:1:      amcnicky_arrival_gap_in_the_tavern_cellar, layout_basic,
          ebering_ecumenical_altar_webs
D:2:      layout_loops_ring, minmay_misc_feat_roman, roderic_serpentine_path
D:3:      layout_basic, nicolae_wu_jian_immortal_techniques,
          mainiacjoe_overflow_two_lobes, serial_shops,
          nicolae_shop_hallway_stairs, uniq_crazy_yiuf_cottage
D:4:      layout_rooms, hex_intersection
D:5:      layout_basic, interstate_on_off
D:6:      layout_basic, old_standard_altar, minmay_temple_entry_tees,
          lightli_sewer_entry_pipes
D:8:      layout_loops_ring, kennysheep_little_box, tso_oasis_becter,
          special_room [special_room_orc], uniq_joseph, uniq_pikel

Skill      XL: |  1  2  3  4  5  6  7 |
---------------+----------------------+-----
Axes           | 3 4 5 6 7 8 9 |  9.1
Dodging        | 1 |  1.0
Fighting       | 4 5 |  5.4
Armour         | 4 |  4.8
Shields        | |  3.6

Action                   |  1- 3 |  4- 6 |  7- 9 || total
-------------------------+-------+-------+-------++-------
Melee: War axe           |    82 |   113 |    35 ||   230
       Headbutt          |     6 |    10 |     6 ||    22
  Use: Scroll            |     4 |     7 |     2 ||    13
       Potion            |       |     4 |     3 ||     7
Armor: Scale mail        |    35 |       |       ||    35
       Chain mail        |       |    56 |     7 ||    63
       Plate armour      |       |       |     4 ||     4
Dodge: Dodged            |    41 |    41 |    11 ||    93
Block: Buckler           |    13 |    26 |     8 ||    47

Table legend:
 A = Non-vault XP
 B = Vault XP
 C = Vault XP percentage of total XP
 D = Non-vault monster count
 E = Vault monster count
 F = Vault count percentage of total count
                 A         B        C        D         E       F
            +---------+---------+-------+---------+---------+-------
      Total |    1171 |       0 |   0.0 |      99 |       0 |   0.0
            +---------+---------+-------+---------+---------+-------
        D:1 |      48 |       0 |   0.0 |      21 |       0 |   0.0
        D:2 |      49 |       0 |   0.0 |      14 |       0 |   0.0
        D:3 |      86 |       0 |   0.0 |      27 |       0 |   0.0
        D:4 |     345 |       0 |   0.0 |      19 |       0 |   0.0
        D:5 |     480 |       0 |   0.0 |      17 |       0 |   0.0
        D:8 |     163 |       0 |   0.0 |       1 |       0 |   0.0
            +---------+---------+-------+---------+---------+-------
